Workbook

Sheet Прайс
A1: Артикул | B1: Товар | C1: Цена, ₽ | D1: Остаток
A2: A-101 | B2: Кабель HDMI 2 м | C2: 450 | D2: 12
A3: A-102 | B3: Мышь беспроводная | C3: 890 | D3: 0
A4: A-103 | B4: Клавиатура | C4: 1490 | D4: 5
A5: A-104 | B5: Флешка 64 ГБ | C5: 690 | D5: 20
A6: A-105 | B6: Удлинитель 5 розеток | C6: 1150 | D6: 3
A7: A-106 | B7: Коврик для мыши | C7: 250 | D7: 0
A8: A-107 | B8: Веб-камера | C8: 2390 | D8: 7
A9: A-108 | B9: Наушники | C9: 1790 | D9: 4

Sheet Заказ
A1: Артикул | B1: Товар | C1: Цена, ₽ | D1: Кол-во | E1: Сумма, ₽ | F1: Наличие | H1: Без $ (ошибка)
A2: A-104 | B2: =VLOOKUP(A2,Прайс!$A$2:$D$9,2,FALSE) -> Флешка 64 ГБ | C2: =VLOOKUP(A2,Прайс!$A$2:$D$9,3,FALSE) -> 690 | D2: 3 | E2: =C2*D2 -> 2070 | F2: =IF(VLOOKUP(A2,Прайс!$A$2:$D$9,4,FALSE)>=D2,"в наличии","не хватает") -> в наличии | H2: =VLOOKUP(A2,Прайс!A2:D9,2,FALSE) -> Флешка 64 ГБ
A3: A-101 | B3: =VLOOKUP(A3,Прайс!$A$2:$D$9,2,FALSE) -> Кабель HDMI 2 м | C3: =VLOOKUP(A3,Прайс!$A$2:$D$9,3,FALSE) -> 450 | D3: 2 | E3: =C3*D3 -> 900 | F3: =IF(VLOOKUP(A3,Прайс!$A$2:$D$9,4,FALSE)>=D3,"в наличии","не хватает") -> в наличии | H3: =VLOOKUP(A3,Прайс!A3:D10,2,FALSE) -> #N/A
A4: A-107 | B4: =VLOOKUP(A4,Прайс!$A$2:$D$9,2,FALSE) -> Веб-камера | C4: =VLOOKUP(A4,Прайс!$A$2:$D$9,3,FALSE) -> 2390 | D4: 1 | E4: =C4*D4 -> 2390 | F4: =IF(VLOOKUP(A4,Прайс!$A$2:$D$9,4,FALSE)>=D4,"в наличии","не хватает") -> в наличии | H4: =VLOOKUP(A4,Прайс!A4:D11,2,FALSE) -> Веб-камера
A5: A-102 | B5: =VLOOKUP(A5,Прайс!$A$2:$D$9,2,FALSE) -> Мышь беспроводная | C5: =VLOOKUP(A5,Прайс!$A$2:$D$9,3,FALSE) -> 890 | D5: 2 | E5: =C5*D5 -> 1780 | F5: =IF(VLOOKUP(A5,Прайс!$A$2:$D$9,4,FALSE)>=D5,"в наличии","не хватает") -> не хватает | H5: =VLOOKUP(A5,Прайс!A5:D12,2,FALSE) -> #N/A
D6: Итого | E6: =SUM(E2:E5) -> 7140

Sheet Ошибки
A1: Случай | B1: Искомое | C1: Результат | D1: Формула | G1: Код | H1: Товар
A2: Артикула нет, ЛОЖЬ | B2: A-110 | C2: =VLOOKUP(B2,Прайс!$A$2:$D$9,2,FALSE) -> #N/A | D2: =_xlfn.FORMULATEXT(C2) -> =ВПР(B2;Прайс!$A$2:$D$9;2;ЛОЖЬ) | G2: 1001 | H2: Роутер
A3: Артикула нет, 4-й аргумент пропущен | B3: A-110 | C3: =VLOOKUP(B3,Прайс!$A$2:$D$9,2) -> Наушники | D3: =_xlfn.FORMULATEXT(C3) -> =ВПР(B3;Прайс!$A$2:$D$9;2) | G3: 1002 | H3: Свитч
A4: Номер столбца больше ширины таблицы | B4: A-103 | C4: =VLOOKUP(B4,Прайс!$A$2:$D$9,5,FALSE) -> #REF! | D4: =_xlfn.FORMULATEXT(C4) -> =ВПР(B4;Прайс!$A$2:$D$9;5;ЛОЖЬ) | G4: 1003 | H4: Точка доступа
A5: Номер столбца 0 | B5: A-103 | C5: =VLOOKUP(B5,Прайс!$A$2:$D$9,0,FALSE) -> #VALUE! | D5: =_xlfn.FORMULATEXT(C5) -> =ВПР(B5;Прайс!$A$2:$D$9;0;ЛОЖЬ)
A6: Лишний пробел в конце | B6: A-103 | C6: =VLOOKUP(B6,Прайс!$A$2:$D$9,2,FALSE) -> #N/A | D6: =_xlfn.FORMULATEXT(C6) -> =ВПР(B6;Прайс!$A$2:$D$9;2;ЛОЖЬ)
A7: То же через СЖПРОБЕЛЫ | B7: A-103 | C7: =VLOOKUP(TRIM(B7),Прайс!$A$2:$D$9,2,FALSE) -> Клавиатура | D7: =_xlfn.FORMULATEXT(C7) -> =ВПР(СЖПРОБЕЛЫ(B7);Прайс!$A$2:$D$9;2;ЛОЖЬ)
A8: Нет в прайсе, ЕСЛИОШИБКА | B8: A-110 | C8: =IFERROR(VLOOKUP(B8,Прайс!$A$2:$D$9,2,FALSE),"нет в прайсе") -> нет в прайсе | D8: =_xlfn.FORMULATEXT(C8) -> =ЕСЛИОШИБКА(ВПР(B8;Прайс!$A$2:$D$9;2;ЛОЖЬ);"нет в прайсе")
A9: Код числом, ищем текст | B9: 1002 | C9: =VLOOKUP(B9,$G$2:$H$4,2,FALSE) -> #N/A | D9: =_xlfn.FORMULATEXT(C9) -> =ВПР(B9;$G$2:$H$4;2;ЛОЖЬ)
A10: То же через -- | B10: 1002 | C10: =VLOOKUP(--B10,$G$2:$H$4,2,FALSE) -> Свитч | D10: =_xlfn.FORMULATEXT(C10) -> =ВПР(--B10;$G$2:$H$4;2;ЛОЖЬ)
A11: Код числом, ищем число | B11: 1002 | C11: =VLOOKUP(B11,$G$2:$H$4,2,FALSE) -> Свитч | D11: =_xlfn.FORMULATEXT(C11) -> =ВПР(B11;$G$2:$H$4;2;ЛОЖЬ)

Sheet Скидки
A1: Сумма от, ₽ | B1: Скидка | D1: Сумма заказа, ₽ | E1: Скидка | F1: Формула | H1: Неотсортировано | I1: Скидка | K1: Сумма | L1: Скидка
A2: 0 | B2: 0 | D2: 3200 | E2: =VLOOKUP(D2,$A$2:$B$5,2,TRUE) -> 0 | F2: =_xlfn.FORMULATEXT(E2) -> =ВПР(D2;$A$2:$B$5;2;ИСТИНА) | H2: 10000 | I2: 0.05 | K2: 3200 | L2: =VLOOKUP(K2,$H$2:$I$5,2,TRUE) -> 0
A3: 5000 | B3: 0.03 | D3: 7500 | E3: =VLOOKUP(D3,$A$2:$B$5,2,TRUE) -> 0.03 | F3: =_xlfn.FORMULATEXT(E3) -> =ВПР(D3;$A$2:$B$5;2;ИСТИНА) | H3: 0 | I3: 0 | K3: 7500 | L3: =VLOOKUP(K3,$H$2:$I$5,2,TRUE) -> 0
A4: 10000 | B4: 0.05 | D4: 10000 | E4: =VLOOKUP(D4,$A$2:$B$5,2,TRUE) -> 0.05 | F4: =_xlfn.FORMULATEXT(E4) -> =ВПР(D4;$A$2:$B$5;2;ИСТИНА) | H4: 20000 | I4: 0.07 | K4: 25000 | L4: =VLOOKUP(K4,$H$2:$I$5,2,TRUE) -> 0.03
A5: 20000 | B5: 0.07 | D5: 25000 | E5: =VLOOKUP(D5,$A$2:$B$5,2,TRUE) -> 0.07 | F5: =_xlfn.FORMULATEXT(E5) -> =ВПР(D5;$A$2:$B$5;2;ИСТИНА) | H5: 5000 | I5: 0.03

Sheet Влево
A1: Ищем товар | B1: Артикул | C1: Формула | E1: Клиент | F1: Сумма, ₽
A2: Веб-камера | B2: =INDEX(Прайс!$A$2:$A$9,MATCH(A2,Прайс!$B$2:$B$9,0)) -> A-107 | C2: =_xlfn.FORMULATEXT(B2) -> =ИНДЕКС(Прайс!$A$2:$A$9;ПОИСКПОЗ(A2;Прайс!$B$2:$B$9;0)) | E2: Иванов | F2: 1200
A3: Веб-камера | B3: =_xlfn.XLOOKUP(A3,Прайс!$B$2:$B$9,Прайс!$A$2:$A$9,"нет") -> A-107 | C3: =_xlfn.FORMULATEXT(B3) -> =ПРОСМОТРX(A3;Прайс!$B$2:$B$9;Прайс!$A$2:$A$9;"нет") | E3: Петров | F3: 800
A4: Монитор | B4: =_xlfn.XLOOKUP(A4,Прайс!$B$2:$B$9,Прайс!$A$2:$A$9,"нет") -> нет | C4: =_xlfn.FORMULATEXT(B4) -> =ПРОСМОТРX(A4;Прайс!$B$2:$B$9;Прайс!$A$2:$A$9;"нет") | E4: Иванов | F4: 3500
A5: Веб-камера | B5: =VLOOKUP(A5,Прайс!$A$2:$D$9,1,FALSE) -> #N/A | C5: =_xlfn.FORMULATEXT(B5) -> =ВПР(A5;Прайс!$A$2:$D$9;1;ЛОЖЬ)
E6: Иванов: ВПР | F6: =VLOOKUP("Иванов",$E$2:$F$4,2,FALSE) -> 1200 | G6: =_xlfn.FORMULATEXT(F6) -> =ВПР("Иванов";$E$2:$F$4;2;ЛОЖЬ)
E7: Иванов: ПРОСМОТРX с конца | F7: =_xlfn.XLOOKUP("Иванов",$E$2:$E$4,$F$2:$F$4,"нет",0,-1) -> 3500 | G7: =_xlfn.FORMULATEXT(F7) -> =ПРОСМОТРX("Иванов";$E$2:$E$4;$F$2:$F$4;"нет";0;-1)

Sheet Продажи
A1: Дата | B1: Артикул | C1: Кол-во | D1: Товар | E1: Сумма, ₽ | H1: Названия строк | I1: Сумма по полю Сумма, ₽ | K1: Товар | L1: Выручка из сводной
A2: 46296 | B2: A-101 | C2: 2 | D2: =VLOOKUP(B2,Прайс!$A$2:$D$9,2,FALSE) -> Кабель HDMI 2 м | E2: =C2*VLOOKUP(B2,Прайс!$A$2:$D$9,3,FALSE) -> 900 | H2: Веб-камера | I2: 2390 | K2: Флешка 64 ГБ | L2: =VLOOKUP(K2,$H:$I,2,FALSE) -> 5520 | M2: =_xlfn.FORMULATEXT(L2) -> =ВПР(K2;$H:$I;2;ЛОЖЬ)
A3: 46296 | B3: A-104 | C3: 5 | D3: =VLOOKUP(B3,Прайс!$A$2:$D$9,2,FALSE) -> Флешка 64 ГБ | E3: =C3*VLOOKUP(B3,Прайс!$A$2:$D$9,3,FALSE) -> 3450 | H3: Кабель HDMI 2 м | I3: 1350 | K3: Наушники | L3: =VLOOKUP(K3,$H:$I,2,FALSE) -> 3580
A4: 46297 | B4: A-101 | C4: 1 | D4: =VLOOKUP(B4,Прайс!$A$2:$D$9,2,FALSE) -> Кабель HDMI 2 м | E4: =C4*VLOOKUP(B4,Прайс!$A$2:$D$9,3,FALSE) -> 450 | H4: Наушники | I4: 3580
A5: 46297 | B5: A-107 | C5: 1 | D5: =VLOOKUP(B5,Прайс!$A$2:$D$9,2,FALSE) -> Веб-камера | E5: =C5*VLOOKUP(B5,Прайс!$A$2:$D$9,3,FALSE) -> 2390 | H5: Флешка 64 ГБ | I5: 5520
A6: 46298 | B6: A-104 | C6: 3 | D6: =VLOOKUP(B6,Прайс!$A$2:$D$9,2,FALSE) -> Флешка 64 ГБ | E6: =C6*VLOOKUP(B6,Прайс!$A$2:$D$9,3,FALSE) -> 2070 | H6: Общий итог | I6: 12840
A7: 46298 | B7: A-108 | C7: 2 | D7: =VLOOKUP(B7,Прайс!$A$2:$D$9,2,FALSE) -> Наушники | E7: =C7*VLOOKUP(B7,Прайс!$A$2:$D$9,3,FALSE) -> 3580
